 Dungeon Crawl Stone Soup version 0.14.2 (webtiles) character file.

149 fredomojojo the Sneak (level 4, -2/29 HPs)
             Began as a Halfling Assassin on Nov 21, 2015.
             Slain by an adder (3 damage)
             ... on Level 3 of the Dungeon.
             The game lasted 00:17:49 (1327 turns).

fredomojojo the Sneak (Halfling Assassin)           Turns: 1327, Time: 00:17:49

HP  -2/29        AC  4     Str  8      XL: 4   Next: 71%
MP   4/4         EV 12     Int 11      God:
Gold 66          SH  0     Dex 18      Spells:  0 memorised,  3 levels left

rFire  . . .     SeeInvis .     a - +2 dagger
rCold  . . .     Clarity  .     t - +0 leather armour
rNeg   . . .     Conserve .     (no shield)
rPois  .         rCorr    .     (no helmet)
rElec  .         rRot     .     d - +0 cloak
SustAb . .       Spirit   .     (no gloves)
rMut   .         Warding  .     (no boots)
Saprov . . .     Stasis   .     (no amulet)
MR     .....                    (no ring)
                                (no ring)

@: not resistant to hostile enchantments, very stealthy
A: mutation resistance 1, slow metabolism 1
a: no special abilities


You were on level 3 of the Dungeon.
You were not hungry.

You visited 1 branch of the dungeon, and saw 3 of its levels.

You collected 66 gold pieces.

Inventory:

Hand weapons
 a - a +2,+2 dagger (weapon)
 b - a +0 blowgun
 k - a +1,+0 dagger of protection
 l - a +0,+0 whip
 u - a +0,+0 sling
Missiles
 e - 8 poisoned needles
 f - 2 curare-tipped needles
 h - 7 needles of slowing
 n - 10 darts (quivered)
 v - 10 stones
Armour
 c - a +0 robe
 d - a +0 cloak (worn)
 t - a +0 leather armour (worn)
Comestibles
 g - 3 bread rations
Scrolls
 j - a scroll of random uselessness
 m - a scroll of magic mapping {unknown}
 p - a scroll of identify
 q - a scroll of enchant armour {unknown}
 s - a scroll of fog {unknown}
Jewellery
 r - an uncursed ring of poison resistance {unknown}
Potions
 i - a potion of restore abilities
 o - 2 potions of curing


   Skills:
 + Level 2.0 Fighting
 + Level 3.1 Short Blades
 + Level 3.3 Throwing
 + Level 2.1 Dodging
 + Level 6.9 Stealth


You had 3 spell levels left.
You didn't know any spells.

Dungeon Overview and Level Annotations

Branches:
Dungeon (3/15)

Altars:


Innate Abilities, Weirdness & Mutations

You are small and have problems with some larger weapons.
You are somewhat resistant to further mutation.
You have a slow metabolism.


Message History

The bat closely misses you. x2
The kobold throws a dart.
The dart hits you! The kobold barely misses you.
The bat hits you but does no damage. The goblin barely misses you.
You see here a dart.
The bat barely misses you. The kobold hits you but does no damage.
The adder barely misses you.
There is a stone staircase leading up here.
You barely miss the kobold.
The kobold is almost dead.
The bat barely misses you. The bat completely misses you.
The bat barely misses you. x2
The kobold closely misses you. The kobold hits you with a club.
* * * LOW HITPOINT WARNING * * *
The adder bites you but does no damage. The bat barely misses you.
The bat hits you but does no damage. The kobold hits you with a club.
* * * LOW HITPOINT WARNING * * *
You hit the bat but do no damage. The bat hits you but does no damage.
The adder bites you.
You die...

.... ... .. . .####.#
######.......
...####.............
............>........
##.####.KS(.........
#.@Kg........
#..b.........
#..b.........
#...........
#.%........
#......... .........
#......... #........


You could see an adder, a goblin, 2 bats and 2 kobolds.

Vanquished Creatures
  4 adders
  A worm (D:2)
  2 giant geckos (D:2)
  A ball python (D:1)
  3 bats
  A giant cockroach (D:2)
  8 goblins
  4 hobgoblins (D:1)
  5 kobolds
  A quokka (D:2)
  4 giant newts
  8 rats
42 creatures vanquished.

Notes
Turn   | Place    | Note
--------------------------------------------------------------
     0 | D:1      | fredomojojo, the Halfling Assassin, began the quest for the Orb.
     0 | D:1      | Reached XP level 1. HP: 14/14 MP: 1/1
   211 | D:1      | Reached XP level 2. HP: 12/19 MP: 2/2
   483 | D:1      | Reached skill level 6 in Stealth
   766 | D:2      | Reached XP level 3. HP: 24/24 MP: 3/3
   883 | D:2      | Reached XP level 4. HP: 18/29 MP: 4/4
  1326 | D:3      | HP: 1/29 [kobold/club (1)]
  1327 | D:3      | Slain by an adder

Action                   |  1- 3 |  4- 6 || total
-------------------------+-------+-------++-------
Melee: Dagger            |    51 |    65 ||   116
 Fire: Blowgun           |    14 |     3 ||    17
  Use: Scroll            |     2 |       ||     2
       Potion            |       |     3 ||     3
 Stab: Sleeping          |     6 |     6 ||    12
